 Dungeon Crawl Stone Soup version 0.19-a0-743-ge0d55e4 (webtiles) character file.

1172 shmeve the Skirmisher (level 8, 0/71 HPs)
             Began as a Minotaur Fighter on June 23, 2016.
             Was a Believer of Trog.
             Succumbed to an orc wizard's poison
             ... on level 4 of the Dungeon on June 24, 2016.
             The game lasted 00:09:55 (4097 turns).

shmeve the Skirmisher (Minotaur Fighter)            Turns: 4097, Time: 00:09:56

Health: 0/71       AC: 13    Str: 23 (24) XL:     8   Next: 18%
Magic:  7/7        EV:  9    Int:  5      God:    Trog [**....]
Gold:   173        SH: 10    Dex: 10 (11) Spells: 0 memorised, 7 levels left

rFire  . . .     SeeInvis .     a - +1 war axe
rCold  . . .     Gourm    .     b - +0 scale mail
rNeg   . . .     Faith    .     c - +0 shield
rPois  .         Spirit   .     (helmet restricted)
rElec  .         Dismiss  .     (no cloak)
rCorr  .         Reflect  .     (no gloves)
SustAt .         Harm     .     (no boots)
MR     .....                    (no amulet)
Stlth  ..........               v - +6 ring of protection
                                o - +2 ring of strength

@: lethally poisoned (0 -> -27), exhausted, slowed, very slow, not resistant to
hostile enchantments, extremely unstealthy
A: retaliatory headbutt, horns 2
a: Berserk, Trog's Hand, Burn Spellbooks, Renounce Religion


You were on level 4 of the Dungeon.
You worshipped Trog.
Trog was pleased with you.
You were near starving.

You visited 1 branch of the dungeon, and saw 4 of its levels.
You also visited: Sewer.

You collected 173 gold pieces.

Inventory:

Hand Weapons
 a - a +1 war axe (weapon)
Armour
 b - a +0 scale mail (worn)
 c - a +0 shield (worn)
Jewellery
 o - a +2 ring of strength (left hand)
 v - a +6 ring of protection (right hand)
Scrolls
 e - 3 scrolls of identify
 h - 2 scrolls of enchant weapon
 i - a scroll of fear
 q - a scroll of fog {unknown}
 t - a scroll of teleportation
 w - 2 scrolls of remove curse
 x - 2 scrolls of recharging
Potions
 d - 2 potions of might
 g - a potion of magic {unknown}
 j - a potion of flight
 k - a potion of cancellation {unknown}
 l - a potion of agility {unknown}
 m - 4 potions of invisibility
 p - a potion of cure mutation {unknown}
 r - a potion of resistance {unknown}
 s - a potion of curing
 u - a potion of heal wounds {unknown}
Comestibles
 f - 4 bread rations
 n - a beef jerky
 z - a slice of pizza


   Skills:
 * Level 6.9 Fighting
 * Level 6.1 Axes
 + Level 5.5 Armour
 + Level 3.5 Dodging
 * Level 6.8 Shields


You had 7 spell levels left.
You didn't know any spells.

Dungeon Overview and Level Annotations

Branches:
Dungeon (4/15)
 Temple: D:4-7

Altars:
Fedhas
Hepliaklqana
Trog
Vehumet


Innate Abilities, Weirdness & Mutations

You reflexively headbutt those who attack you in melee.
You have a pair of horns on your head.


Message History

* * * LOW HITPOINT WARNING * * *
You feel very sick.
You are too berserk!
* * * LOW HITPOINT WARNING * * *
You feel sick.
You feel a strong urge to attack something.
* * * LOW HITPOINT WARNING * * *
You feel sick.
* * * LOW HITPOINT WARNING * * *
You feel sick.
You feel your anger subside.
* * * LOW HITPOINT WARNING * * *
You feel sick.
Things that are here:
a mace; an orc corpse You are no longer berserk.
You are exhausted.
You feel yourself slow down.
You are near starving!
You die...

.#.##.#......#####.###
)#.##...#..........#
...##.............##
.####...#.........###
........#...≈≈≈...... #
#####.#....≈≈≈≈≈..#####..#
......#....≈≈.≈≈.........#
#####.#....≈≈≈≈)).....#.
...####.#...≈≈))@........#
##.####..................#
#..................###...#
#########.....#....# ..#
#...............## .# #
#.#####.#.....#....... # #
#.# #.#.>...#..#....
###.#####.##..###..# .#.
..........##....#..# #


There were no monsters in sight!

Vanquished Creatures
  A phantom (D:4)
  2 ogres (D:4)
  A centaur (D:4)
  3 big kobolds (Sewer)
  2 giant frogs
  An orc priest (D:4)
  A centaur skeleton (D:4)
  A hound (D:4)
  A worker ant (D:4)
  An iguana (D:4)
  3 orc wizards (D:4)
  A gnoll (D:1)
  10 adders
  3 river rats
  5 oozes
  An adder skeleton (D:4)
  9 worms
  3 dart slugs
  3 giant geckos
  13 orcs
  9 ball pythons
  6 bats
  4 giant cockroaches
  7 goblins
  5 hobgoblins
  2 jackals (D:2)
  13 kobolds
  3 quokkas
  A giant newt (D:3)
  13 rats
128 creatures vanquished.

Vanquished Creatures (others)
  A giant gecko (D:3)
  An orc (D:4)
2 creatures vanquished.

Grand Total: 130 creatures vanquished

Notes
Turn   | Place    | Note
--------------------------------------------------------------
     0 | D:1      | shmeve the Minotaur Fighter began the quest for the Orb.
     0 | D:1      | Reached XP level 1. HP: 19/19 MP: 0/0
   156 | D:1      | Reached XP level 2. HP: 26/27 MP: 1/1
   344 | D:1      | Reached XP level 3. HP: 30/33 MP: 2/2
   797 | D:1      | Upgraded the game from 0.19-a0-736-g3ff4acb to 0.19-a0-743-ge0d55e4
   939 | D:2      | Reached skill level 1 in Dodging
   967 | D:2      | Reached XP level 4. HP: 33/40 MP: 3/3
  1191 | D:2      | Found a blossoming altar of Fedhas.
  1480 | D:3      | Found a radiant altar of Vehumet.
  1672 | D:3      | Found a hazy altar of Hepliaklqana.
  1809 | D:3      | Noticed a giant frog
  1818 | D:3      | Killed a giant frog
  1818 | D:3      | Reached XP level 5. HP: 41/47 MP: 4/4
  1870 | D:3      | Found a bloodstained altar of Trog.
  1883 | D:3      | Became a worshipper of Trog the Wrathful
  2236 | D:4      | Reached skill level 5 in Fighting
  2236 | D:4      | Reached skill level 5 in Shields
  2286 | D:4      | Reached XP level 6. HP: 47/56 MP: 5/5
  2301 | D:4      | Found a glowing drain.
  2344 | Sewer    | Entered a sewer
  2380 | Sewer    | Reached * piety under Trog
  2890 | Sewer    | Reached XP level 7. HP: 62/62 MP: 6/6
  2946 | Sewer    | Reached skill level 5 in Axes
  2946 | Sewer    | Reached skill level 5 in Armour
  3048 | D:4      | HP: 3/63 [orc priest/divine providence (16)]
  3064 | D:4      | Reached ** piety under Trog
  3680 | D:4      | Reached XP level 8. HP: 63/71 MP: 7/7
  4095 | D:4      | HP: 4/106 [poisoned by an orc wizard]
  4097 | D:4      | Succumbed to an orc wizard's poison

Vault maps used:
D:1:      dpeg_arrival_short_road, serial_bayou, serial_bayou_lagoon_b,
          serial_bayou_shore_a, serial_bayou_crossing, serial_bayou_pond_d
D:2:      marbit_many_paths, first_bread
D:3:      fiery_altar_vehumet, lemuel_round_altar, overflow_temple_1_default,
          corexii_corridor_pit
D:4:      portal_sewer_entry_a
Sewer:    sewer_co_tree

Skill      XL: |  1  2  3  4  5  6  7  8 |
---------------+-------------------------+-----
Shields        | 4 5 6 |  6.8
Axes           | 3 4 5 6 |  6.1
Fighting       | 4 5 6 |  6.9
Dodging        | 1 2 3 |  3.5
Armour         | 4 5 |  5.5

Action                   |  1- 3 |  4- 6 |  7- 9 || total
-------------------------+-------+-------+-------++-------
Melee: War axe           |    62 |   226 |   105 ||   393
       Headbutt          |     9 |    21 |    13 ||    43
Invok: Burn Spellbooks   |       |     1 |       ||     1
       Berserk           |       |       |     2 ||     2
  Use: Scroll            |       |     9 |       ||     9
       Potion            |       |       |     5 ||     5
 Stab: Invisible         |       |       |     2 ||     2
  Eat: Chunk             |       |     7 |     5 ||    12
Armor: Scale mail        |    31 |    94 |    45 ||   170
Dodge: Dodged            |    26 |    60 |    44 ||   130
Block: Shield            |    37 |   104 |    55 ||   196
